 Dungeon Crawl Stone Soup version 0.21.0-3-g78d12a8 (webtiles) character file.

13586 TheDeThijs the Cleaver (level 12, -11/115 HPs)
             Began as a Hill Orc Fighter on Jan 8, 2018.
             Was a High Priest of Beogh.
             Shot with an arrow by a minotaur (28 damage)
             ... in a labyrinth.
             The game lasted 00:48:16 (12220 turns).

TheDeThijs the Cleaver (Hill Orc Fighter)          Turns: 12220, Time: 00:48:17

Health: -11/115    AC: 15    Str: 22    XL:     12   Next: 7%
Magic:  10/12      EV:  8    Int:  8    God:    Beogh [*****.]
Gold:   733        SH: 11    Dex: 12    Spells: 11/11 levels left

rFire    + . .     SeeInvis .   P - +3 broad axe (venom)
rCold    . . .     Gourm    .   c - +0 shield
rNeg     + . .     Faith    .   o - +2 scale mail {rN+}
rPois    .         Spirit   .   l - +0 helmet
rElec    .         Reflect  .   D - +0 cloak
rCorr    +         Harm     .   u - +0 pair of gloves
MR       .....                  K - +0 pair of boots
Stlth    ..........             w - amulet of regeneration
HPRegen  0.69/turn              B - ring of resist corrosion
MPRegen  0.13/turn              t - ring of protection from fire

@: no status effects
A: walk on water
a: Smiting, Recall Orcish Followers, Give Item to Named Follower, Renounce
Religion


You were in a labyrinth.
You worshipped Beogh.
Beogh was extremely pleased with you.
You were very hungry.

You visited 2 branches of the dungeon, and saw 14 of its levels.
You also visited: Labyrinth.

You collected 733 gold pieces.

Inventory:

Hand Weapons
 P - a +3 broad axe of venom (weapon)
Armour
 a - a +0 chain mail of cold resistance
 b - a +0 scale mail
 c - a +0 shield (worn)
 l - a +0 helmet (worn)
 o - a +2 scale mail of positive energy (worn)
 u - a +0 pair of gloves (worn)
 D - a +0 cloak (worn)
 G - a +0 plate armour
 K - a +0 pair of boots (worn)
Jewellery
 h - an uncursed ring of ice
 n - an uncursed amulet of the gourmand
 s - an uncursed ring of magical power
 t - a ring of protection from fire (right hand)
 w - an amulet of regeneration (around neck)
 B - a ring of resist corrosion (left hand)
 H - an uncursed amulet of magic regeneration
Wands
 k - a wand of disintegration (8)
 y - a wand of acid (2)
 J - a wand of flame (54)
Scrolls
 g - 5 scrolls of enchant weapon
 j - 11 scrolls of identify
 m - a scroll of fear {unknown}
 r - a scroll of acquirement
 v - 4 scrolls of remove curse
 A - a scroll of silence {unknown}
 L - a scroll of summoning {unknown}
Potions
 q - 2 potions of flight
 x - 2 potions of brilliance
 z - 3 potions of mutation {unknown}
 E - 3 potions of curing
 I - 2 potions of heal wounds
 M - a potion of haste
 O - a potion of agility {unknown}
Books
 e - a book of Air

   Spells                             Type                      Level
   a - Shock                          Conjuration/Air              1
   b - Swiftness                      Charms/Air                   2
   c - Static Discharge               Conjuration/Air              3
   d - Airstrike                      Air                          4
   e - Lightning Bolt                 Conjuration/Air              5
 C - a book of Cantrips

   Spells                             Type                      Level
   a - Confusing Touch                Hexes                        1
   b - Animate Skeleton               Necromancy                   1
   c - Summon Small Mammal            Summoning                    1
   d - Apportation                    Translocation                1
 N - a book of Flames

   Spells                             Type                      Level
   a - Flame Tongue                   Conjuration/Fire             1
   b - Throw Flame                    Conjuration/Fire             2
   c - Conjure Flame                  Conjuration/Fire             3
   d - Inner Flame                    Hexes/Fire                   3
   e - Sticky Flame                   Conjuration/Fire             4
   f - Fireball                       Conjuration/Fire             5
Comestibles
 f - 23 rations


   Skills:
 + Level 13.3 Fighting
 * Level 14.7 Axes
 + Level 8.3 Armour
 - Level 0.2 Dodging
 + Level 8.9 Shields
 - Level 0.4 Invocations
 - Level 1.0 Evocations


You had 11 spell levels left.
You didn't know any spells.

Dungeon Overview and Level Annotations

Branches:
Dungeon (13/15)            Temple (1/1) D:5            Lair (0/6) D:10
    Orc (0/2) D:12
 Vaults: D:13-14

Altars:
Ashenzari
Cheibriados
Dithmenos
Elyvilon
Fedhas
Gozag
Hepliaklqana
Kikubaaqudgha
Makhleb
Nemelex Xobeh
Okawaru
Qazlal
Ru
Sif Muna
Trog
Uskayaw
Vehumet
Wu Jian
Xom
Yredelemnul
Zin
The Shining One

Shops:
D:5 *   D:9 (   D:10 !

Portals:
Trove: D:12 (give 16 scrolls of identify)


Message History

The minotaur hits you with an uncursed battleaxe!!
The minotaur gores you but does no damage.
You hit the minotaur.
The minotaur is poisoned.
The minotaur is lightly wounded.
You barely miss the minotaur.
The minotaur is lightly wounded.
The minotaur hits you with an uncursed battleaxe!!
You block the minotaur's attack.
The minotaur unwields an uncursed battleaxe.
The minotaur wields an uncursed slimy shortbow {freeze}.
It is covered in frost.
The minotaur shoots an arrow.
The arrow hits you!!
* * * LOW HITPOINT WARNING * * *
The arrow freezes you.
* * * LOW HITPOINT WARNING * * *
There is an open door, spattered with blood here.
You see here an arrow.
Nothing appears to have answered your call.
The minotaur shoots an arrow.
You block the arrow.
The minotaur shoots an arrow.
The arrow hits you!!
You die...

# .# ### . #.#...
# .#######.#.####
..
.#.....#.......
##...((H..### #
#. ..## ##....# .
#####.#8.8#..###.
... . .#.H.#..#
.. ### #
.#8.8#.@#.# . ..
.. #|.[#....#
######
.#8.8#.##.#
#.....
..#:.:#..#... # #
# ..#8<8#.. ##.#
# #....### #...
#.# ## #
#........### #
..# .. .#.#.# #.
##.###.### #


You could see a minotaur.

Vanquished Creatures
  2 two-headed ogres (D:12)
  The ghost of MTVSty1e the Cleaver, a novice DrGl of Okawaru (D:6)
  4 gargoyles (Lab)
  An efreet (D:13)
  A minotaur skeleton (Lab)
  2 hippogriffs (D:10)
  7 yaks
  A vampire (D:12)
  3 hogs (D:7)
  A human (D:7)
  A basilisk (Lab)
  A vampire mosquito (D:7)
  A hungry ghost (Lab)
  Edmund (D:6)
  An ice beast (D:6)
  2 sky beasts
  2 phantoms (D:8)
  4 black bears (D:10)
  An eye of draining (D:10)
  2 orc warriors
  11 ogres
  2 centaurs
  2 crocodiles
  Blork the orc (D:4)
  A big kobold (D:8)
  9 bullfrogs
  An earth elemental (Lab)
  4 scorpions
  20 killer bees
  3 howler monkeys (D:8)
  6 wights (D:7)
  4 crimson imps
  3 orc priests
  5 hounds
  2 jellies
  A bullfrog skeleton (D:4)
  10 orc wizards
  An iguana (D:11)
  Natasha (twice) (D:3 D:2)
  4 worker ants
  A killer bee zombie (D:6)
  A hound zombie (D:6)
  A hound skeleton (D:10)
  A worker ant zombie (D:8)
  19 adders
  4 gnolls
  A shadow imp (D:12)
  2 oozes
  3 adder skeletons
  An adder zombie (D:7)
  3 worms
  A dart slug (D:1)
  12 leopard geckos
  34 orcs
  A ball python (D:3)
  6 giant cockroaches
  7 goblins
  7 hobgoblins
  9 jackals
  7 quokkas
  7 bats
  5 frilled lizards
  A jackal skeleton (D:8)
  14 kobolds
  6 rats
  4 fungi (D:10)
  2 plants (D:10)
291 creatures vanquished.

Vanquished Creatures (collateral kills)
  The ghost of Gorglomux the Arsonist, a journeyman OpFE of Vehumet (D:9)
  An unseen horror (D:10)
  A centaur zombie (D:12)
  A shadow (D:13)
  3 yaks (D:10)
  A wyvern (D:13)
  A basilisk (D:11)
  A hungry ghost (D:9)
  3 porcupines (D:10)
  A black bear (D:10)
  A centaur (D:12)
  A big kobold (D:12)
  A scorpion (D:10)
  A killer bee (D:12)
  3 howler monkeys (D:12)
  A bullfrog zombie (D:12)
  A centaur skeleton (D:12)
  An orc wizard (D:10)
  2 shadow imps
  4 kobolds (D:12)
  A fungus (D:10)
  3 plants (D:10)
34 creatures vanquished.

Vanquished Creatures (others)
  2 orc priests (D:7)
  An orc wizard (D:7)
  3 orcs (D:7)
  A fungus (D:10)
7 creatures vanquished.

Grand Total: 332 creatures vanquished

Notes
Turn   | Place    | Note
-------+----------+-------------------------------------------
     0 | D:1      | TheDeThijs the Hill Orc Fighter began the quest for the Orb.
     0 | D:1      | Reached XP level 1. HP: 19/19 MP: 1/1
     0 | D:1      | Noticed an ogre
     0 | D:1      | Noticed a human
     1 | D:1      | Noticed a formicid
     1 | D:1      | Noticed a naga
     3 | D:1      | Noticed a spriggan
     8 | D:1      | Noticed a human
     9 | D:1      | Noticed an octopode
    11 | D:1      | Noticed a troll
    13 | D:1      | Noticed a vine stalker
    15 | D:1      | Noticed an elf
    17 | D:1      | Noticed a formicid
    17 | D:1      | Noticed a naga
    19 | D:1      | Noticed a human
    21 | D:1      | Noticed a felid
    85 | D:1      | Found a shattered altar of Ashenzari.
   100 | D:1      | Reached XP level 2. HP: 23/27 MP: 2/2
   105 | D:1      | Reached skill level 3 in Axes
   339 | D:1      | Reached XP level 3. HP: 33/33 MP: 3/3
   941 | D:2      | Found a shadowy altar of Dithmenos.
   969 | D:2      | Reached XP level 4. HP: 39/40 MP: 4/4
  1189 | D:3      | Noticed Natasha
  1197 | D:3      | Killed Natasha
  1350 | D:3      | Reached skill level 4 in Axes
  1361 | D:3      | Reached XP level 5. HP: 45/46 MP: 5/5
  1576 | D:3      | Noticed Natasha
  1641 | D:2      | Killed Natasha
  1641 | D:2      | Reached skill level 5 in Axes
  1708 | D:3      | Reached XP level 6. HP: 49/53 MP: 6/6
  1842 | D:3      | Reached skill level 6 in Axes
  2311 | D:4      | Noticed Blork the orc
  2323 | D:4      | Killed Blork the orc
  2459 | D:4      | Reached skill level 7 in Axes
  2812 | D:4      | Reached XP level 7. HP: 59/60 MP: 7/7
  3027 | D:4      | Reached skill level 8 in Axes
  3096 | D:4      | Found a hide-covered altar of Uskayaw.
  3474 | D:5      | Entered Level 5 of the Dungeon
  3492 | D:5      | Found a staircase to the Ecumenical Temple.
  3503 | Temple   | Entered the Ecumenical Temple
  3695 | D:5      | Found Guuwin's General Store.
  3846 | D:5      | Reached skill level 9 in Axes
  4076 | D:5      | Found a hazy altar of Hepliaklqana.
  4236 | D:5      | Reached skill level 5 in Fighting
  4326 | D:6      | Reached skill level 10 in Axes
  4326 | D:6      | Reached XP level 8. HP: 51/68 MP: 8/8
  4475 | D:6      | Noticed Edmund
  4483 | D:6      | Killed Edmund
  4503 | D:6      | Reached skill level 11 in Axes
  4657 | D:6      | Noticed MTVSty1e's ghost (novice DrGl)
  5623 | D:6      | Found a sparkling altar of Nemelex Xobeh.
  5623 | D:6      | Found a burning altar of Makhleb.
  5697 | D:7      | Became a worshipper of Beogh the Brigand
  5811 | D:7      | Reached skill level 12 in Axes
  6249 | D:6      | Killed MTVSty1e's ghost
  6249 | D:6      | Reached skill level 13 in Axes
  6249 | D:6      | Reached XP level 9. HP: 17/78 MP: 9/9
  6798 | D:7      | Reached * piety under Beogh
  6859 | D:7      | Reached skill level 14 in Axes
  6921 | D:7      | Reached skill level 1 in Evocations
  7348 | D:7      | Reached XP level 10. HP: 64/90 MP: 10/10
  7579 | D:7      | Reached skill level 5 in Armour
  7587 | D:7      | Reached skill level 5 in Shields
  7689 | D:7      | Reached skill level 10 in Fighting
  7787 | D:8      | Reached ** piety under Beogh
  8854 | D:8      | Reached *** piety under Beogh
  8950 | D:8      | Found a radiant altar of Vehumet.
  9241 | D:9      | Found Ilumup's Antique Weapon Shop.
  9241 | D:9      | Noticed Gorglomux's ghost (journeyman OpFE)
  9252 | D:9      | Killed Gorglomux's ghost
  9544 | D:9      | Reached XP level 11. HP: 81/102 MP: 11/11
  9978 | D:9      | Found an opulent altar of Gozag.
 10031 | D:10     | Entered Level 10 of the Dungeon
 10034 | D:10     | Found a staircase to the Lair.
 10106 | D:10     | Gained Argrim as an ally
 10241 | D:10     | Reached **** piety under Beogh
 10271 | D:10     | Found a white marble altar of Elyvilon.
 10571 | D:10     | Killed an unseen horror
 10577 | D:10     | Found Poguse's Distillery.
 10963 | D:11     | You fall through a shaft for 2 floors!
 11153 | D:12     | Noticed a two-headed ogre
 11161 | D:12     | Killed a two-headed ogre
 11166 | D:12     | Noticed a two-headed ogre
 11185 | D:12     | Killed a two-headed ogre
 11193 | D:12     | Identified 2 scrolls of acquirement
 11239 | D:12     | Reached ***** piety under Beogh
 11304 | D:12     | Found a portal to a secret trove of treasure.
 11322 | D:12     | Found a labyrinth entrance.
 11339 | Lab      | Entered a labyrinth
 11543 | Lab      | Found an exit through the horrors of the Abyss.
 11930 | Lab      | Reached XP level 12. HP: 101/115 MP: 12/12
 12207 | Lab      | Noticed a minotaur
 12220 | Lab      | Shot with an arrow by a minotaur

Skill      XL: |  1  2  3  4  5  6  7  8  9 10 11 |
---------------+----------------------------------+-----
Axes           | 3 4 5 7 10 13 14 | 14.7
Fighting       | 4 5 6 8 11 13 | 13.3
Armour         | 4 6 8 |  8.3
Shields        | 4 6 8 |  8.9
Evocations     | 1 |  1.0
Dodging        | |  0.2
Invocations    | |  0.4

Action                   |  1- 3 |  4- 6 |  7- 9 | 10-12 || total
-------------------------+-------+-------+-------+-------++-------
Melee: War axe           |    90 |   217 |    50 |       ||   357
       Hand axe          |       |       |   423 |   527 ||   950
       Broad axe         |       |       |       |    54 ||    54
Invok: Convert to Beogh  |       |       |     1 |       ||     1
       Recall Orcish Fol |       |       |       |     4 ||     4
Evoke: Wand              |       |       |     9 |     6 ||    15
  Use: Scroll            |       |     8 |     5 |     5 ||    18
       Potion            |       |     2 |    11 |       ||    13
 Stab: Distracted        |       |       |       |     6 ||     6
       Paralysed         |       |       |       |     3 ||     3
  Eat: Chunk             |    10 |     2 |     6 |    19 ||    37
       Ration            |       |       |     1 |     1 ||     2
Armor: Scale mail        |    40 |   119 |   104 |   165 ||   428
Dodge: Dodged            |    21 |    61 |    89 |   124 ||   295
Block: Shield            |    44 |   127 |   139 |   218 ||   528
